 Dungeon Crawl Stone Soup version 0.31.0-32-g396128a36d (webtiles) character file.

Game seed: 4601386113398198129

159 adizb the Trooper (level 5, -2/34 HPs)
             Began as a Gargoyle Monk on Mar 26, 2024.
             Killed by divine providence
             ... invoked by an orc priest
              (15 damage)
             ... on level 3 of the Dungeon.
             The game lasted 00:12:18 (2481 turns).

adizb the Trooper (Gargoyle Monk)                   Turns: 2481, Time: 00:12:19

Health: -2/34      AC: 11    Str: 16    XL:     5   Next: 40%
Magic:  5/5        EV: 11    Int: 11    God:
Gold:   110        SH:  0    Dex: 12    Spells: 4/4 levels left

rFire   + . .        a - +0 mace
rCold   . . .        (no shield)
rNeg    + + .        f - +0 ring mail
rPois   ∞            (no helmet)
rElec   +            r - scarf {shadows}
rCorr   .            j - +1 Delatra's gloves {ID++}
SInv    .            (no boots)
Will    .....        p - amulet of the acrobat
Stlth   +            k - ring of protection from fire
HPRegen 0.25/turn    m - ring of positive energy
MPRegen 0.09/turn

%: acrobat, clarity
@: no status effects
A: sickness immunity, AC +4, negative energy resistance 1, electricity
resistance, torment resistance 1, petrification resistance, clarity
a: no special abilities


You were on level 3 of the Dungeon.
You visited 1 branch of the dungeon, and saw 3 of its levels.

You collected 110 gold pieces.

Inventory:

Hand Weapons
 a - a +0 mace (weapon)
 g - a +0 antimagic whip
Missiles
 n - 5 javelins (quivered)
Armour
 f - a +0 ring mail (worn)
 j - the +1 Delatra's gloves (worn) {ID++}
   (You found it on level 3 of the Dungeon)

   ID++:      It heals its wearer when they drink unknown potions, and restores
   their MP when they read unknown scrolls.
 r - a scarf of shadows (worn)
Jewellery
 k - a ring of protection from fire (left hand)
 m - a ring of positive energy (right hand)
 p - an amulet of the acrobat (around neck)
Scrolls
 e - a scroll of teleportation
 i - a scroll of identify
Potions
 b - a potion of brilliance {unknown}
 c - a potion of ambrosia
 d - 5 potions of heal wounds
 h - a potion of invisibility {unknown}
 l - 2 potions of attraction {unknown}
 o - a potion of haste {unknown}


   Skills:
 * Level 4.8 Fighting
 + Level 3.7 Maces & Flails
 + Level 2.2 Armour
 - Level 2.4 Dodging
 + Level 2.3 Stealth


You had 4 spell levels left.
You didn't know any spells.
Your spell library contained the following spells:

 Spells                   Type           Power      Damage    Failure   Level
 Magic Dart               Conj           0%         1d3       54%         1
 Ensorcelled Hibernation  Hex/Ice        0%         N/A       69%         2
 Jinxbite                 Hex            0%         N/A       69%         2
 Searing Ray              Conj           0%         2d4       69%         2
 Passwall                 Erth           0%         N/A       89%         3
 Swiftness                Air            0%         N/A       89%         3
 Fulminant Prism          Conj/Alch      0%         3d5       100%        4
 Yara's Violent Unravell  Hex/Alch       0%         3d3       100%        5
 Enfeeble                 Hex            0%         N/A       100%        7


Dungeon Overview and Level Annotations

Branches:
Dungeon (3/15)

Altars:

Annotations:
D:3 Sigmund


Innate Abilities, Weirdness & Mutations

You are immune to sickness and miasma.
Your stone body is resilient. (AC +4)
You are immune to poison.
You resist negative energy. (rN+)
You are resistant to electric shocks. (rElec)
You are resistant to unholy torment.
You are immune to petrification.
You possess an exceptional clarity of mind.


Message History

The orc shouts!
The orc misses you.
You hit the orc.
You kill the orc!
You closely miss the orc.
The orc priest invokes the aid of Beogh against you.
Beogh smites you! The orc hits you but does no damage.
You hit the orc.
The orc is moderately wounded.
The orc barely misses you. The orc hits you but does no damage.
You barely miss the orc.
The orc is moderately wounded.
The orc hits you with a +0 club.
You closely miss the orc.
The orc is moderately wounded.
The orc misses you.
You thump the orc!
You kill the orc!
The orc priest casts a cantrip, but nothing happens.
You closely miss the orc. The orc closely misses you.
The orc priest looks encouraged for a moment.
You hit the orc.
The orc is moderately wounded.
The orc hits you with a +0 flail. The orc barely misses you.
You closely miss the orc.
The orc is moderately wounded.
The orc misses you.
The orc priest calls upon Beogh to heal the orc.
The orc's wounds heal themselves!
You hit the orc.
The orc is moderately wounded.
The orc barely misses you.
The orc priest calls down the wrath of Beogh upon you.
Beogh smites you!
You barely miss the orc.
The orc is moderately wounded.
The orc barely misses you.
The orc priest invokes the aid of Beogh against you.
Beogh smites you!
You die...

.!.....#.# ##.....##
.......#.# ##.......##
...⌠...#.###.........#
..o....#...'.........+
.......#####.........#
.......# ##.......##
##.....## ##...##
##@## #o# #o# .o. ...
..... #...#


You could see 2 orc priests and an orc.

Vanquished Creatures
  A bombardier beetle (D:3)
  An orc priest (D:3)
  4 adders
  4 dart slugs
  6 orcs (D:3)
  2 bats
  5 endoplasms
  4 giant cockroaches
  3 hobgoblins
  6 kobolds
  A quokka (D:2)
  2 ball pythons (D:1)
  2 frilled lizards
  A goblin (D:1)
  5 rats
47 creatures vanquished.

Notes
Turn   | Place    | Note
-------+----------+-------------------------------------------
     0 | D:1      | adizb the Gargoyle Monk began the quest for the Orb.
     0 | D:1      | Reached XP level 1. HP: 14/14 MP: 1/1
   380 | D:1      | Reached XP level 2. HP: 19/19 MP: 2/2
   723 | D:1      | Reached skill level 1 in Stealth
   867 | D:1      | Reached skill level 1 in Armour
   871 | D:1      | Reached XP level 3. HP: 21/24 MP: 3/3
  1396 | D:2      | Reached skill level 4 in Fighting
  1790 | D:3      | Gained mutation: You possess an exceptional clarity of
                  | mind. [potion of mutation]
  2041 | D:3      | Reached XP level 4. HP: 27/29 MP: 4/4
  2151 | D:3      | Found the +1 Delatra's gloves {ID++}
  2322 | D:3      | Reached XP level 5. HP: 34/34 MP: 5/5
  2360 | D:3      | Noticed Sigmund
  2481 | D:3      | Killed from afar by an orc priest

Illustrated notes

Levels and vault maps discovered:
D:1:      tarquinn_simple_flora_water_e, layout_basic,
          hangedman_decor_clover_reticule, minmay_stone_trees_medium,
          kennysheep_pointless_box, columned_hall_lemuel
D:2:      layout_loops_corners, amcnicky_mini_corridor_feature
D:3:      layout_loops_corners, wad_rectangle_vault, uniq_sigmund

Skill      XL: |  1  2  3  4 |
---------------+-------------+-----
Stealth        | 1 2 |  2.3
Armour         | 1 2 |  2.2
Fighting       | 4 |  4.8
Maces & Flails | |  3.7
Dodging        | |  2.4

Action                     |  1- 3 |  4- 6 || total
---------------------------+-------+-------++-------
  Melee: Mace              |    95 |   103 ||   198
         Punch             |       |     2 ||     2
    Use: Scroll            |     2 |     2 ||     4
         Potion            |     1 |       ||     1
   Stab: Sleeping          |     1 |       ||     1
 Armour: Robe              |    12 |       ||    12
         Ring mail         |    50 |    59 ||   109
  Dodge: Dodged            |    43 |    67 ||   110
